 Dungeon Crawl Stone Soup version 0.31-a0-1591-g515db51633 (webtiles) character file.

Game seed: 2227032127867983251

118 codmizer the Covered (level 4, 0/38 HPs)
             Began as an Armataur Fighter on Jan 6, 2024.
             Slain by a gnoll
             ... wielding a +0 spear
              (2 damage)
             ... on level 3 of the Dungeon.
             The game lasted 00:49:34 (1816 turns).

codmizer the Covered (Armataur Fighter)             Turns: 1816, Time: 00:49:34

Health: 0/38       AC: 12    Str: 21    XL:     4   Next: 72%
Magic:  4/4        EV:  5    Int:  8    God:
Gold:   54         SH:  9    Dex: 12    Spells: 3/3 levels left

rFire   . . .        e - +1 whip (venom)
rCold   . . .        c - +0 buckler
rNeg    . . .        q - +3 chain mail {rPois}
rPois   +            i - +0 helmet
rElec   .            (no cloak)
rCorr   .            (no gloves)
SInv    .            (no barding)
Will    .....        g - amulet of reflection Stlth
                     (no ring)
HPRegen 0.26/turn    (no ring)
MPRegen 0.09/turn

%: reflection, roll
@: no status effects
A: large, deformed body, tough skin 3, armoured tail, roll 1
a: no special abilities


You were on level 3 of the Dungeon.
You visited 1 branch of the dungeon, and saw 3 of its levels.

You collected 129 gold pieces.
You spent 75 gold pieces at shops.

Inventory:

Hand Weapons
 a - a +0 flail
 e - a +1 whip of venom (weapon)
 h - a +0 war axe
 k - a +2 mace of draining
 l - a +2 short sword of speed
 p - a +2 vampiric short sword
Armour
 b - a +0 scale mail
 c - a +0 buckler (worn)
 i - a +0 helmet (worn)
 q - a +3 chain mail of poison resistance (worn)
Jewellery
 g - an amulet of reflection (around neck)
Wands
 v - a wand of flame (7)
 w - a wand of digging (3)
Scrolls
 f - a scroll of blinking {unknown}
 m - a scroll of fear {unknown}
 o - a scroll of summoning {unknown}
 r - 4 scrolls of identify {unknown}
 t - a scroll of brand weapon {unknown}
 u - a scroll of amnesia {unknown}
 x - a scroll of immolation {unknown}
Potions
 d - a potion of might
 j - a potion of heal wounds {unknown}
 n - a potion of brilliance {unknown}
 s - 2 potions of curing {unknown}


   Skills:
 + Level 3.2 Fighting
 * Level 3.6 Maces & Flails
 - Level 4.1 Armour
 - Level 3.6 Shields


You had 3 spell levels left.
You didn't know any spells.
Your spell library contained the following spells:

 Spells                   Type           Power      Damage    Failure   Level
 Necrotise                Necr           0%         1d4       98%         1
 Ozocubu's Armour         Ice            0%         N/A       100%        3
 Vampiric Draining        Necr           0%         2d6       100%        3
 Martyr's Knell           Necr/Summ      0%         N/A       100%        4
 Curse of Agony           Necr           0%         N/A       100%        5
 Metabolic Englaciation   Hex/Ice        0%         N/A       100%        5
 Sculpt Simulacrum        Ice/Alch       0%         N/A       100%        6


Dungeon Overview and Level Annotations

Branches:
Dungeon (3/15)

Altars:

Shops:
D:2 (   D:3 *(


Innate Abilities, Weirdness & Mutations

Armour fits poorly on your strangely shaped body.
You have extremely tough skin. (AC +3)
You have a long armoured tail.
You regenerate magic when rolling toward enemies. (Rampage MPRegen)


Message History

The gnoll is almost dead.
You kill the gnoll!
The gnoll barely misses you.
The gnoll throws a throwing net.
The throwing net hits you.
You become entangled in the net!
You see here a throwing net.
You struggle against the net.
The gnoll hits you from afar with a +0 spear.
You struggle against the net.
The gnoll hits you from afar with a +0 spear.
You struggle against the net.
The gnoll hits you from afar with a +0 spear.
* * * LOW HITPOINT WARNING * * *
Aiming: Throw Flame
Press: ? - help, Q - select action Shift-Dir - straight line, f - gnoll
Aim: a gnoll, wielding a +0 spear (72% to hit)
The puff of flame hits the gnoll.
The gnoll is heavily wounded.
The gnoll hits you but does no damage.
A gnoll opens the door.
Aiming: Throw Flame
Press: ? - help, Q - select action Shift-Dir - straight line, f/p - gnoll
Aim: a gnoll, wielding a +0 spear (72% to hit)
The puff of flame hits the gnoll.
The gnoll is severely wounded.
The gnoll hits you but does no damage.
Aiming: Throw Flame
Press: ? - help, Q - select action Shift-Dir - straight line, f - gnoll, p - gnoll
Aim: a gnoll, wielding a +0 flail (severely wounded, 72% to hit)
The puff of flame misses the gnoll.
The gnoll hits you from afar with a +0 spear.
* * * LOW HITPOINT WARNING * * *
The gnoll hits you with a +0 flail.
* * * LOW HITPOINT WARNING * * *
You struggle against the net.
The gnoll hits you from afar with a +0 spear.
* * * LOW HITPOINT WARNING * * *
The gnoll hits you but does no damage.
You rip the net and break free!
The gnoll hits you from afar with a +0 spear.
You die...

## #. #. #. ##.## ####
#.)g# ...####### ++'.#
.[........ +∩g@#
##.####### ++'##
##.######## #..#
##........# #..#####.#
#########.####.........
# #....†....†....). #
#.#.############# #
#.#.# # #.#.#


You could see 2 gnolls.

Vanquished Creatures
  Terence (D:2)
  2 gnolls (D:3)
  An adder (D:2)
  2 dart slugs
  A ribbon worm (D:2)
  An orc (D:2)
  2 endoplasms
  2 giant cockroaches
  5 goblins
  5 hobgoblins
  3 jackals (D:1)
  3 quokkas
  A ball python (D:2)
  7 bats
  15 frilled lizards
  4 kobolds
  4 rats
59 creatures vanquished.

Notes
Turn   | Place    | Note
-------+----------+-------------------------------------------
     0 | D:1      | codmizer the Armataur Fighter began the quest for the Orb.
     0 | D:1      | Reached XP level 1. HP: 18/18 MP: 1/1
   132 | D:1      | Reached XP level 2. HP: 23/25 MP: 2/2
   199 | D:1      | Reached skill level 4 in Armour
   390 | D:1      | Reached XP level 3. HP: 30/30 MP: 3/3
   966 | D:2      | Found Nael Jam's Weapon Boutique.
  1088 | D:2      | Noticed Terence
  1099 | D:2      | Killed Terence
  1100 | D:2      | Reached XP level 4. HP: 30/38 MP: 4/4
  1558 | D:3      | Found Purphaz's General Store.
  1563 | D:3      | Bought a scroll of enchant armour for 75 gold pieces
  1798 | D:3      | Found Myqotheo's Weapon Emporium.
  1816 | D:3      | Slain by a gnoll

Illustrated notes

Levels and vault maps discovered:
D:1:      sevenhm_arrival_forest_fort_small_6, layout_basic,
          supply_closet_lemuel, minmay_lizard_pond
D:2:      minmay_skewed_foursquare, layout_loops_corners, serial_shops,
          shop_statue, uniq_terence
D:3:      layout_loops_ring, serial_shops, shop, nicolae_shop_trees,
          nicolae_shop_tiny_real_fake_doors, nicolae_shop_hallway_plus,
          grunt_ministairs_8, grunt_decor_arrowhead, fountainhead, uniq_natasha,
          uniq_grinder, uniq_crazy_yiuf_cottage

Skill      XL: |  1  2  3 |
---------------+----------+-----
Maces & Flails | 2 3 |  3.6
Armour         | 4 |  4.1
Fighting       | 3 |  3.2
Shields        | |  3.6

Action                     |  1- 3 |  4- 6 || total
---------------------------+-------+-------++-------
  Melee: Whip              |   119 |    33 ||   152
         Flail             |     8 |       ||     8
         Tailslap          |    10 |     6 ||    16
         Mace              |    10 |       ||    10
  Evoke: Wand              |       |     3 ||     3
    Use: Scroll            |       |     1 ||     1
 Armour: Scale mail        |    79 |       ||    79
         Chain mail        |       |    26 ||    26
  Dodge: Dodged            |    28 |     4 ||    32
  Block: Buckler           |    35 |     9 ||    44
         Reflection        |     1 |     1 ||     2

Table legend: (Time is in decaauts)
 A = Elapsed time spent in this place.
 B = Non-inter-level travel time spent in this place.
 C = Inter-level travel time spent in this place.
 D = Time resting spent in this place.
 E = Time spent auto-exploring this place.
 F = Levels seen in this place.
 G = Mean time per level.
                   A        B        C        D        E       F      G
               +--------+--------+--------+--------+--------+-----+--------+
         Total |   1818 |   1748 |     70 |      0 |   1322 |   3 |  606.0 |
       Dungeon |   1818 |   1748 |     70 |      0 |   1322 |   3 |  606.0 |
               +--------+--------+--------+--------+--------+-----+--------+

Top non-repeatable levels by time:
     D:2: 972 daAuts
     D:1: 586 daAuts
     D:3: 259 daAuts
